 Dungeon Crawl Stone Soup version 0.32-a0-913-g739538afd8 (webtiles) character file.

Game seed: 1326760616190270990

1260 spaghetti the Chucker (level 8, -1/83 HPs)
             Began as an Oni Gladiator on Apr 9, 2024.
             Was a Follower of Kikubaaqudgha.
             Slain by a water moccasin (6 damage)
             ... on level 6 of the Dungeon.
             The game lasted 00:07:33 (6074 turns).

spaghetti the Chucker (Oni Gladiator)               Turns: 6074, Time: 00:07:35

Health: -1/83      AC:  3    Str: 19    XL:     8   Next: 52%
Magic:  4/8        EV:  9    Int:  9    God:    Kikubaaqudgha [*.....]
Gold:   203        SH:  0    Dex: 12    Spells: 2/7 levels left

rFire   . . .        o - +0 whip (venom)
rCold   . . .        (no shield)
rNeg    . . .        b - +0 robe
rPois   .            c - +0 hat
rElec   .            (no cloak)
rCorr   .            (gloves unavailable)
SInv    +            (boots unavailable)
Will    .....        (no amulet)
Stlth   +            (no ring)
HPRegen 0.33/turn    (no ring)
MPRegen 0.11/turn

%: no passive effects
@: weak-willed, unable to drink
A: large, unfitting armour, horns 1, tough skin 1, double potion healing,
drunken brawling, see invisible, inability to drink after injury 1
a: Renounce Religion, Unearth Wretches


You were on level 6 of the Dungeon.
You worshipped Kikubaaqudgha.
Kikubaaqudgha was aware of your devotion.
You visited 1 branch of the dungeon, and saw 6 of its levels.
You also visited: Sewer.

You collected 203 gold pieces.

Inventory:

Hand Weapons
 a - a +0 long sword
 f - a +4 spear
 i - a +0 dagger of speed
 o - a +0 whip of venom (weapon)
 t - a +0 giant spiked club
Missiles
 d - 3 throwing nets
 e - a large rock
 l - 3 javelins
Armour
 b - a +0 robe (worn)
 c - a +0 hat (worn)
Jewellery
 n - a ring of fire
 p - a ring of fire
Scrolls
 j - 4 scrolls of immolation
 u - a scroll of silence
 v - a scroll of identify
Potions
 g - a potion of enlightenment
 h - a potion of might
 k - 2 potions of magic
 m - a potion of resistance
 q - 2 potions of brilliance
 s - a potion of curing


   Skills:
 + Level 5.7 Fighting
 - Level 2.6 Long Blades
 + Level 6.3 Throwing
 - Level 2.6 Dodging
 - Level 4.0 Hexes
 + Level 4.4 Necromancy


You had 2 spell levels left.
You knew the following spells:

 Your Spells              Type           Power      Damage    Failure   Level
a - Jinxbite              Hex            14%        N/A       12%         2
b - Fugue of the Fallen   Necr           7%         N/A       21%         3

Your spell library contained the following spells:

 Spells                   Type           Power      Damage    Failure   Level
 Sublimation of Blood     Necr           7%         N/A       10%         2
 Kiss of Death            Conj/Necr      12%        2d6       17%         1
 Ensorcelled Hibernation  Hex/Ice        6%         N/A       26%         2
 Cigotuvi's Dreadful Rot  Necr/Alch/Air  4%         N/A       34%         2
 Apportation              Tloc           0%         N/A       38%         1
 Sting                    Conj/Alch      0%         1d3       38%         1
 Call Imp                 Summ           0%         N/A       52%         2
 Mercury Vapours          Alch/Air       0%         N/A       52%         2
 Vampiric Draining        Necr           7%         2d6       21%         3
 Anguish                  Hex/Necr       3%         N/A       56%         4
 Frozen Ramparts          Ice            0%         1d1       77%         3
 Ozocubu's Armour         Ice            0%         N/A       77%         3
 Passwall                 Erth           0%         N/A       77%         3
 Volatile Blastmotes      Fire/Tloc      0%         2d10      77%         3
 Olgreb's Toxic Radiance  Alch           0%         N/A       99%         4
 Vhi's Electric Charge    Tloc/Air       0%         N/A       99%         4
 Metabolic Englaciation   Hex/Ice        1%         N/A       99%         5
 Alistair's Intoxication  Alch           0%         N/A       100%        5
 Bombard                  Conj/Erth      0%         9d1       100%        6
 Summon Hydra             Summ           0%         N/A       100%        7


Dungeon Overview and Level Annotations

Branches:
Dungeon (6/15)              Sewer (visited)
 Temple: D:4-7

Altars:
Cheibriados
Kikubaaqudgha
Nemelex Xobeh
Okawaru
The Shining One

Shops:
D:3 [   D:5 [

Annotations:
D:3 1 runed translucent door


Innate Abilities, Weirdness & Mutations

You are too large for most types of armour.
You have a pair of small horns on your head.
You have tough skin. (AC +1)
You gain doubled healing and magic from potions.
Whenever you drink a healing potion, you attack all around you.
You have supernaturally acute eyesight. (SInv)
You occasionally lose the ability to drink potions when taking damage.


Message History

Unknown command.
Unknown command.
Aiming: Paralyse
Press: ? - help, Shift-Dir - straight line, f/p - ufetubus
Aim: an ufetubus (chance to affect: 57%)
The ufetubus resists with significant effort.
The now-empty wand crumbles to dust.
You feel sick.
You are no longer poisoned.
The ufetubus hits you but does no damage.
The ufetubus hits you.
* * * LOW HITPOINT WARNING * * *
The ufetubus hits you but does no damage.
The ufetubus closely misses you. The ufetubus hits you.
* * * LOW HITPOINT WARNING * * *
The ufetubus barely misses you. The ufetubus hits you.
* * * LOW HITPOINT WARNING * * *
The ufetubus completely misses you.
Unknown command.
Unknown command.
Unknown command.
Okay, then.
You cannot drink potions in your current state!
You miss the ufetubus. You headbutt the ufetubus.
The ufetubus is heavily wounded.
The ufetubus misses you. The ufetubus hits you.
* * * LOW HITPOINT WARNING * * *
The ufetubus misses you. The ufetubus hits you.
* * * LOW HITPOINT WARNING * * *
Unknown command.
Unknown command.
Unknown command.
Unknown command.
You hit the ufetubus.
You kill the ufetubus!
Kikubaaqudgha accepts your kill.
The water moccasin seems less drained.
The ufetubus slips past you!
The ufetubus hits you but does no damage. x2
The ufetubus barely misses you. x2; The water moccasin bites you.
You die...
Kikubaaqudgha rasps: You have failed me!
Welcome... death!

##..........# ##>......#
#......####.# .........#
#.|###.# #.# .........#
#..# #.# #.# ..>$....# #..#
#.####.# ......# #..#
#...##.# #.##.## #..#
###.##.#
..#.#<....######..# ##.##.#
#).......S@5.....####...#.#
#..####..#######..........#
#..# ######...### ....#
##.## ......# #.# ###.#$.#
#.# #.#..# #.# #.#..# #.# #
#... #.#


You could see a water moccasin and an ufetubus.

Vanquished Creatures
  Grinder (Sewer)
  A steam dragon (D:6)
  An ice beast (D:5)
  An ogre (D:5)
  A kobold brigand (Sewer)
  A scorpion (D:4)
  2 bombardier beetles
  A bullfrog zombie (D:4)
  A hound (D:4)
  A human zombie (D:4)
  An orc priest (D:3)
  3 orc wizards
  2 scorpion zombies (D:4)
  A hound zombie (D:4)
  A crocodile skeleton (Sewer)
  3 gnolls (D:4)
  6 adders
  4 shadow imps (Sewer)
  A white imp (D:4)
  An ufetubus (D:6)
  6 adder zombies
  2 dart slugs
  3 ribbon worms
  16 orcs
  8 ball pythons
  3 bats
  8 endoplasms
  3 giant cockroaches
  5 goblins
  2 hobgoblins (D:2)
  5 quokkas
  3 frilled lizards
  A giant cockroach zombie (Sewer)
  18 kobolds
  3 kobold zombies (Sewer)
  A quokka skeleton (D:4)
  A quokka zombie (D:4)
  A rat (D:1)
123 creatures vanquished.

Notes
Turn   | Place    | Note
-------+----------+-------------------------------------------
     0 | D:1      | spaghetti the Oni Gladiator began the quest for the Orb.
     0 | D:1      | Reached XP level 1. HP: 22/22 MP: 1/1
   122 | D:1      | Reached XP level 2. HP: 29/29 MP: 2/2
   597 | D:2      | Reached skill level 3 in Throwing
   676 | D:2      | Reached XP level 3. HP: 36/36 MP: 3/3
   960 | D:3      | Found Topuf's Armour Shop.
  1038 | D:3      | Learned a level 2 spell: Jinxbite
  1109 | D:3      | Reached XP level 4. HP: 38/44 MP: 4/4
  1200 | D:3      | Reached skill level 4 in Throwing
  1207 | D:3      | Reached skill level 1 in Hexes
  1207 | D:3      | Reached skill level 1 in Necromancy
  1644 | D:3      | Found an iron altar of Okawaru.
  1647 | D:3      | Found a runed translucent door.
  1795 | D:3      | Noticed a centaur
  1795 | D:3      | Noticed a gnoll sergeant
  1797 | D:3      | Noticed an ogre
  1798 | D:3      | Found the +0 toga "Victory" {*Victory Clar}
  2238 | D:4      | Reached XP level 5. HP: 47/50 MP: 5/5
  2924 | D:4      | Reached XP level 6. HP: 34/59 MP: 6/6
  3207 | D:4      | Found an ancient bone altar of Kikubaaqudgha.
  3222 | D:4      | Became a worshipper of Kikubaaqudgha
  3276 | D:4      | Reached skill level 5 in Throwing
  3468 | D:4      | Reached XP level 7. HP: 65/67 MP: 4/7
  3543 | D:4      | Learned a level 3 spell: Fugue of the Fallen
  3686 | D:4      | Found a sparkling altar of Nemelex Xobeh.
  3770 | D:5      | Entered Level 5 of the Dungeon
  4020 | D:5      | Found a glowing drain.
  4034 | Sewer    | Entered a sewer
  4290 | Sewer    | Found an ancient bone altar of Kikubaaqudgha.
  4298 | Sewer    | Reached * piety under Kikubaaqudgha
  4298 | Sewer    | Received a gift from Kikubaaqudgha
  4533 | Sewer    | Noticed Grinder
  4545 | Sewer    | Paralysed by Grinder for 5 turns
  4570 | Sewer    | HP: 3/70 [Grinder/nerve-wracking pain (6)]
  4573 | Sewer    | Killed Grinder
  4574 | Sewer    | Reached XP level 8. HP: 4/79 MP: 8/8
  5102 | D:5      | Reached skill level 5 in Fighting
  5102 | D:5      | Reached skill level 6 in Throwing
  5249 | D:5      | Found a glowing golden altar of the Shining One.
  5332 | D:5      | Found a snail-covered altar of Cheibriados.
  5572 | D:5      | Found Duliut's Armour Boutique.
  5775 | D:6      | Gained mutation: You occasionally lose the ability to drink
                  | potions when taking damage. [potion of mutation]
  5775 | D:6      | Gained mutation: You have supernaturally acute eyesight.
                  | (SInv) [potion of mutation]
  6074 | D:6      | Slain by a water moccasin

Illustrated notes

Levels and vault maps discovered:
D:1:      dpeg_arrival_rhombi, layout_basic
D:2:      layout_rooms
D:3:      layout_basic, nicolae_overflow_guarded_unrand_okawaru_victory,
          serial_shops, nicolae_lakefront_shop
D:4:      layout_loops_ring, lemuel_mausoleum_altar_kikubaaqudgha,
          general_overflow_altar
D:5:      layout_basic, tso_altar, mainiacjoe_overflow_cross_hatched,
          serial_shops, nicolae_shop_hallway_plus, cheibrodos_sewer_entry_bend
D:6:      layout_loops_ring, nicolae_overflow_crystal_walls, temple_hall

Skill      XL: |  1  2  3  4  5  6  7  8 |
---------------+-------------------------+-----
Throwing       | 3 4 5 6 |  6.3
Hexes          | 1 2 3 4 |  4.0
Necromancy     | 1 2 3 4 |  4.4
Fighting       | 3 4 5 |  5.7
Long Blades    | |  2.6
Dodging        | |  2.6

Action                     |  1- 3 |  4- 6 |  7- 9 || total
---------------------------+-------+-------+-------++-------
  Melee: Spear             |    56 |   189 |    37 ||   282
         Headbutt          |     4 |    30 |    42 ||    76
         Whip              |       |       |   164 ||   164
   Cast: Jinxbite          |       |     3 |    11 ||    14
         Fugue of the Fall |       |       |     2 ||     2
  Evoke: Wand              |       |       |     5 ||     5
    Use: Scroll            |     4 |     6 |     2 ||    12
         Potion            |     4 |     3 |     7 ||    14
   Stab: Distracted        |     1 |       |       ||     1
         Sleeping          |       |     3 |       ||     3
 Armour: Robe              |    24 |   116 |   181 ||   321
  Dodge: Dodged            |    10 |    72 |   109 ||   191

Table legend: (Time is in decaauts)
 A = Elapsed time spent in this place.
 B = Non-inter-level travel time spent in this place.
 C = Inter-level travel time spent in this place.
 D = Time resting spent in this place.
 E = Time spent auto-exploring this place.
 F = Levels seen in this place.
 G = Mean time per level.
                   A        B        C        D        E       F      G
               +--------+--------+--------+--------+--------+-----+--------+
         Total |   6090 |   5969 |    121 |    273 |   4695 |   7 |  870.0 |
       Dungeon |   5097 |   4976 |    121 |    241 |   3968 |   6 |  849.5 |
         Sewer |    993 |    993 |      0 |     32 |    727 |   1 |  993.0 |
               +--------+--------+--------+--------+--------+-----+--------+

Top non-repeatable levels by time:
     D:4: 1552 daAuts
     D:3: 1289 daAuts
   Sewer: 993 daAuts
     D:5: 939 daAuts
     D:1: 569 daAuts
     D:2: 381 daAuts
     D:6: 364 daAuts
